 Dungeon Crawl Stone Soup version bcrawl-1.27.8b (webtiles) character file.

Game seed: 5632468181927981958

121905 LostNumber the Sneak (level 3, -4/28 HPs)
             Began as a Demonspawn Archaeologist on Nov 5, 2020.
             Killed from afar by a crimson imp (8 damage)
             ... with a flame tongue
             ... on level 2 of the Dungeon.
             The game lasted 00:01:50 (1202 turns).

LostNumber the Sneak (Demonspawn Archaeologist)     Turns: 1202, Time: 00:01:50

Health: -4/28      AC:  9    Str: 12    XL:     3   Next: 41%
Magic:  3/3        EV:  9    Int: 15    God:
Gold:   113        SH:  0    Dex: 11    Spells: 2/2 levels left

rFire    . . .     SeeInvis .   i - +0 hand axe
rCold    . . .     Gourm    .   (no shield)
rNeg     . . .     Faith    .   l - +0 scale mail
rPois    .         Spirit   .   c - +1 hat
rElec    .         Reflect  .   (no cloak)
rCorr    .         Harm     .   (no gloves)
MR       .....                  d - +1 pair of boots
Stlth    ++........             (no amulet)
HPRegen  0.09/turn              (no ring)
MPRegen  0.08/turn              (no ring)

@: no status effects
A: claws 1, nightstalker 1
a: no special abilities


You were on level 2 of the Dungeon.
You were hungry.

You visited 1 branch of the dungeon, and saw 2 of its levels.

You collected 113 gold pieces.

Inventory:

Hand Weapons
 a - a +0 whip
 i - a +0 hand axe (weapon)
   (You found it on level 1 of the Dungeon)
Armour
 b - a +1 robe
 c - a +1 hat (worn)
 d - a +1 pair of boots (worn)
 l - a +0 scale mail (worn)
   (You found it on level 1 of the Dungeon)
Scrolls
 g - a scroll of magic mapping
 k - 2 scrolls of remove curse {unknown}
 m - a scroll of identify {@r1}
 n - a scroll of teleportation {unknown}
 r - a scroll of enchant weapon {unknown}
 v - a scroll of fog {unknown}
 x - a scroll of enchant armour {unknown}
Potions
 j - 2 potions of agility {unknown}
 o - a potion of lignification {unknown}
 p - a potion of curing {unknown}
 q - 2 potions of brilliance {unknown}
 s - a potion of mutation {unknown}
 t - 2 potions of degeneration {unknown}
 u - a potion of ambrosia {unknown}
 w - a potion of heal wounds {unknown}
Miscellaneous
 f - a dusty tome
Comestibles
 e - 3 rations {!d!d}
 h - 4 chunks of flesh


   Skills:
 + Level 2.4 Fighting
 - Level 1.5(1.6) Axes
 - Level 0.8(1.3) Maces & Flails
 - Level 2.6 Dodging
 - Level 3.0 Stealth
 * Level 0.8 Unarmed Combat


You had 2 spell levels left.
You didn't know any spells.
Your spell library was empty.

Dungeon Overview and Level Annotations

Branches:
Dungeon (2/12)

Altars:


Innate Abilities, Weirdness & Mutations

You have sharp fingernails.
You are slightly more attuned to the shadows.


Message History

The crimson imp disappears for a moment.
The crimson imp hits you.
* * * LOW HITPOINT WARNING * * *
You are feeling hungry.
You miss the crimson imp. The crimson imp barely misses you.
You closely miss the crimson imp.
The crimson imp hits you but does no damage.
You hit the crimson imp. The crimson imp barely misses you.
You closely miss the crimson imp.
The crimson imp hits you but does no damage.
Your scale mail prevents you from hitting the crimson imp.
The crimson imp barely misses you.
The crimson imp hits you but does no damage.
You closely miss the crimson imp.
The crimson imp hits you but does no damage.
You closely miss the crimson imp. The crimson imp barely misses you.
You closely miss the crimson imp.
The crimson imp hits you but does no damage.
You hit the crimson imp.
The crimson imp hits you but does no damage.
The crimson imp grins evilly.
The crimson imp hits you but does no damage.
You closely miss the crimson imp.
The crimson imp hits you but does no damage.
You barely miss the crimson imp. The crimson imp hits you.
* * * LOW HITPOINT WARNING * * *
You hit the crimson imp but do no damage.
The crimson imp completely misses you.
You closely miss the crimson imp. The crimson imp barely misses you.
You closely miss the crimson imp.
The crimson imp hits you but does no damage. x2
You hit the crimson imp but do no damage.
The crimson imp hits you but does no damage.
You miss the crimson imp. The crimson imp closely misses you.
You closely miss the crimson imp. The crimson imp barely misses you.
You hit the crimson imp.
You claw the crimson imp, but do no damage.
The crimson imp gestures at you. The flame tongue hits you.
* * * LOW HITPOINT WARNING * * *
The crimson imp hits you but does no damage.
You barely miss the crimson imp. The crimson imp closely misses you.
You hit the crimson imp but do no damage.
The crimson imp gestures at you. The flame tongue hits you.
* * * LOW HITPOINT WARNING * * *
There is an open door here.
The crimson imp gestures at you. The flame tongue hits you!
You die...

#.....# #.###.#
#.#...# #.#.######
######## #........###
#..?.... ###.##.....#
#....... #.##.....#
#...!...
#.##.....#####5).....
##
#.....>..'..@'.......
..
###......###.#..$....
# #......###.#.......
###
#.......รท..+.......
...
#......#####.......
... #......# #.......
### #......# ######
###### #.######
#..... ##### #.#
#.....


You could see a crimson imp.

Vanquished Creatures
  A worm (D:2)
  4 dart slugs (D:1)
  2 leopard geckos (D:1)
  An orc (D:2)
  A giant cockroach (D:1)
  5 goblins (D:1)
  A hobgoblin (D:1)
  2 quokkas (D:2)
  5 bats
  2 frilled lizards (D:2)
  3 kobolds
  4 rats
31 creatures vanquished.

Notes
Turn   | Place    | Note
-------+----------+-------------------------------------------
     0 | D:1      | LostNumber the Demonspawn Archaeologist began the quest for
                  | the Orb.
     0 | D:1      | Reached XP level 1. HP: 15/15 MP: 1/1
   121 | D:1      | Gained mutation: You are slightly more attuned to the
                  | shadows. [demonic ancestry]
   121 | D:1      | Reached XP level 2. HP: 22/22 MP: 2/2
   220 | D:1      | Reached skill level 1 in Axes
   525 | D:1      | Gained mutation: You have sharp fingernails. [demonic
                  | ancestry]
   525 | D:1      | Reached XP level 3. HP: 25/27 MP: 3/3
  1202 | D:2      | Killed from afar by a crimson imp

Skill      XL: |  1  2 |
---------------+-------+-----
Fighting       | 2 |  2.4
Axes           | 1 |  1.5
Maces & Flails | |  0.8
Dodging        | |  2.6
Stealth        | |  3.0
Unarmed Combat | |  0.8

Action                   || total
-------------------------++-------
Melee: Whip              ||    11
       Hand axe          ||   154
       Punch             ||     1
 Stab: Sleeping          ||     4
  Eat: Chunk             ||     5
Armor: Robe              ||    11
       Scale mail        ||    73
Dodge: Dodged            ||   110
